 Dungeon Crawl Stone Soup version 0.25-a0-424-g80bd347ae0 (webtiles) character file.

Game seed: 4719180791820381611, levelgen mode: deterministic

6150 Nattfarinn the Summoner (level 10, -6/52 (54) HPs)
             Began as a Tengu Summoner on Jan 22, 2020.
             Was a Believer of Hepliaklqana.
             Shot with a bolt by a yaktaur (23 damage)
             ... on level 10 of the Dungeon.
             The game lasted 00:41:03 (13574 turns).

Nattfarinn the Summoner (Tengu Summoner)           Turns: 13574, Time: 00:41:04

HP:   -6/52 (54)    AC:  2    Str: 11    XL:     10   Next: 90%
MP:   7/18          EV: 24    Int: 15    God:    Hepliaklqana [**....]
Gold: 479           SH:  0    Dex: 16    Spells: 9/19 levels left

rFire    . . .     SeeInvis .   B - +3 short sword (venom)
rCold    . . .     Gourm    .   (no shield)
rNeg     + . .     Faith    .   a - +0 robe
rPois    .         Spirit   .   (helmet restricted)
rElec    .         Reflect  .   (no cloak)
rCorr    .         Harm     .   (no gloves)
MR       .....                  (boots unavailable)
Stlth    ++........             I - amulet of the acrobat
HPRegen  0.17/turn              m - ring of positive energy
MPRegen  0.16/turn              Q - +3 ring of evasion

@: flying quickly and evasively, very slightly contaminated, quick
A: reduced essence, beak, talons 3, able to fly
a: Stop Flying, Recall Ancestor, Ancestor Identity, Renounce Religion


You were on level 10 of the Dungeon.
You worshipped Hepliaklqana.
Hepliaklqana was pleased with you.
You were very hungry.

You visited 2 branches of the dungeon, and saw 11 of its levels.

You collected 479 gold pieces.

Inventory:

Hand Weapons
 B - a +3 short sword of venom (weapon)
Missiles
 o - 9 curare-tipped darts (quivered)
Armour
 a - a +0 robe (worn)
Jewellery
 m - a ring of positive energy (left hand)
 t - an uncursed amulet of the gourmand {unknown}
 A - an uncursed amulet of faith
 I - an amulet of the acrobat (around neck)
 O - a cursed ring of protection from magic
 P - an uncursed ring of positive energy
 Q - a +3 ring of evasion (right hand)
Wands
 f - a wand of digging (8)
 r - a wand of clouds (6)
 D - a wand of iceblast (9)
 H - a wand of scattershot (3)
 J - a wand of polymorph (10)
 K - a wand of enslavement (21)
Scrolls
 g - 3 scrolls of enchant armour
 h - 2 scrolls of teleportation
 l - 5 scrolls of remove curse
 n - 2 scrolls of fear
 p - a scroll of random uselessness {unknown}
 s - a scroll of magic mapping {unknown}
 v - a scroll of blinking {unknown}
 z - 2 scrolls of fog
 C - a scroll of vulnerability {unknown}
 G - a scroll of acquirement {unknown}
 M - a scroll of brand weapon {unknown}
 N - a scroll of amnesia {unknown}
Potions
 d - 2 potions of heal wounds
 i - 2 potions of lignification
 j - a potion of haste
 k - a potion of mutation {unknown}
 u - a potion of ambrosia {unknown}
 w - 2 potions of curing
 x - 2 potions of brilliance
 E - a potion of resistance {unknown}
 F - a potion of might
 L - a potion of agility {unknown}
Comestibles
 c - 18 rations


   Skills:
 + Level 6.7 Fighting
 - Level 10.0 Armour
 * Level 8.0 Dodging
 - Level 2.0 Stealth
 - Level 5.0 Spellcasting
 - Level 10.0 Summonings


You had 9 spell levels left.
You knew the following spells:

 Your Spells              Type           Power        Failure   Level  Hunger
a - Summon Small Mammal   Summ           ####         1%          1    None
b - Call Imp              Summ           ####....     1%          2    ##.....
c - Call Canine Familiar  Summ           ####....     1%          3    ###....
d - Summon Lightning Spi  Summ/Air       ###.....     21%         4    ####...

Your spell library contained the following spells:

 Spells                   Type           Power        Failure   Level  Hunger
 Summon Guardian Golem    Hex/Summ       ###.....     6%          3    ###....
 Summon Ice Beast         Ice/Summ       ###.....     21%         4    ####...
 Poisonous Vapours        Pois/Air       #.....       24%         2    ##.....
 Conjure Flame            Conj/Fire      #.......     43%         3    ###....
 Mephitic Cloud           Conj/Pois/Air  #.......     43%         3    ###....
 Freezing Cloud           Conj/Ice/Air   #.........   100%        6    #######
 Ring of Flames           Chrm/Fire      #.........   100%        7    #######


Dungeon Overview and Level Annotations

Branches:
Dungeon (10/15)            Temple (1/1) D:7            Lair (0/6) D:8
    Orc: D:9-12

Altars:
Ashenzari
Dithmenos
Elyvilon
Fedhas
Gozag
Hepliaklqana
Makhleb
Nemelex Xobeh
Okawaru
Qazlal
Ru
Sif Muna
Trog
Uskayaw
Wu Jian
Yredelemnul
Zin
The Shining One


Innate Abilities, Weirdness & Mutations

You have a beak for a mouth.
You have claws for feet.
You can fly continuously.
Your life essence is reduced to manifest your ancestor. (-10% HP)


Message History

Ouch! That really hurt!
* * * LOW HITPOINT WARNING * * *
Unknown command.
Your hound bites the yaktaur.
Casting: Call Canine Familiar (safe; 1% risk of failure)
Confirm with . or Enter, or press ? or * to list all spells.
Aiming: Summon Lightning Spire (slightly dangerous; 21% risk of failure)
Press: ? - help, Dir - move target cursor An electric hum fills the air.
Casting: Summon Lightning Spire (slightly dangerous; 21% risk of failure)
Confirm with . or Enter, or press ? or * to list all spells.
Aiming: Summon Lightning Spire (slightly dangerous; 21% risk of failure)
Press: ? - help, Dir - move target cursor You miscast Summon Lightning Spire.
You are very lightly contaminated with residual magic.
Distant voices call out to you!
You are feeling very hungry.
The yaktaur shoots a bolt.
The bolt barely misses your hound. The bolt hits you!!
You die...

.95.....# #..........#
.###...## #.########.#
.# ##.## ##.########R#
.# ## ###...........# .#
#......######.## .#
#.#...## #.R.... .#
#.##.#####.##.#. .#
#########.##............
.#
#....h.@.......<....>...
.#
#c#######.#######.......
.# #.# #.# ##..##.#)
.#########h# #R#
#......#. ....ch(..(8#
#.# #...###).
############# #.#
#......). ..#
#...######.# #..####.)
#.# #.#.....R..#
#..#####. #.#
#.########## #R.......


You could see a yaktaur and a friendly hound.

Vanquished Creatures
  A two-headed ogre (D:8)
  A yaktaur (D:10)
  2 hippogriffs (D:9)
  2 yaks (D:9)
  A sky beast (D:9)
  A necrophage (D:8)
  2 ogres
  A centaur (D:6)
  A bullfrog (D:3)
  A water moccasin zombie (D:8)
  A howler monkey (D:5)
  4 crimson imps
  2 hounds
  A bullfrog skeleton (D:6)
  An orc priest (D:6)
  2 iguanas
  3 orc wizards
  2 worker ants
  Natasha (twice) (D:3)
  A killer bee zombie (D:7)
  A hound skeleton (D:9)
  A worker ant zombie (D:6)
  A howler monkey skeleton (D:6)
  A gnoll (D:6)
  An adder (D:8)
  2 shadow imps
  An ooze (D:3)
  3 adder skeletons
  5 worms
  A dart slug (D:5)
  3 leopard geckos
  4 orcs
  2 giant cockroaches (D:2)
  4 goblins
  7 hobgoblins
  9 jackals
  A quokka (D:8)
  2 ball pythons (D:1)
  A bat (D:1)
  2 frilled lizards
  6 kobolds
  7 rats
97 creatures vanquished.

Vanquished Creatures (collateral kills)
  Harold (D:8)
  A two-headed ogre (D:9)
  2 trolls (D:9)
  Grinder (D:4)
  2 hippogriffs
  3 yaks (D:9)
  3 hungry ghosts (D:10)
  A water moccasin (D:9)
  3 ice beasts
  A black bear (D:9)
  3 orc warriors
  An eye of draining (D:10)
  5 ogres
  3 phantoms
  A centaur (D:8)
  4 bullfrogs
  A howler monkey (D:9)
  A crimson imp (D:8)
  A centaur zombie (D:8)
  A bullfrog zombie (D:6)
  A hound (D:9)
  2 jellies (D:7)
  3 orc priests
  A gnoll shaman (D:6)
  Natasha (D:3)
  4 orc wizards
  6 worker ants
  A worker ant zombie (D:8)
  4 gnolls (D:6)
  6 adders
  2 worms
  A leopard gecko (D:3)
  27 orcs
  2 ball pythons
  3 goblins
  2 hobgoblins
  3 jackals
  3 kobolds
  3 quokkas
  3 bats
  2 quokka skeletons
  3 rats
122 creatures vanquished.

Vanquished Creatures (others)
  3 hexers (D:10)
  6 ancestors
  A frilled lizard (D:2)
10 creatures vanquished.

Grand Total: 229 creatures vanquished

Notes
Turn   | Place    | Note
-------+----------+-------------------------------------------
     0 | D:1      | Nattfarinn the Tengu Summoner began the quest for the Orb.
     0 | D:1      | Reached XP level 1. HP: 10/10 MP: 4/4
    72 | D:1      | Reached skill level 5 in Summonings
   113 | D:1      | Reached XP level 2. HP: 11/15 MP: 6/6
   194 | D:1      | Learned a level 2 spell: Call Imp
   783 | D:2      | Reached XP level 3. HP: 19/19 MP: 7/7
  1217 | D:2      | Reached XP level 4. HP: 11/24 MP: 2/9
  1794 | D:3      | Learned a level 3 spell: Call Canine Familiar
  2264 | D:3      | Gained mutation: You can fly continuously. [Tengu growth]
  2264 | D:3      | Reached XP level 5. HP: 17/28 MP: 5/10
  2885 | D:3      | Noticed Natasha
  2894 | D:3      | Killed Natasha
  2992 | D:3      | Noticed Natasha
  3001 | D:3      | Killed Natasha
  3056 | D:3      | Noticed Natasha
  3078 | D:3      | Killed Natasha
  3078 | D:3      | Reached XP level 6. HP: 22/32 MP: 2/12
  3313 | D:3      | Learned a level 4 spell: Summon Lightning Spire
  3678 | D:4      | Noticed Grinder
  3700 | D:4      | Killed Grinder
  4516 | D:5      | Entered Level 5 of the Dungeon
  4522 | D:5      | Reached XP level 7. HP: 36/36 MP: 5/14
  4615 | D:5      | Found a shimmering blue altar of Sif Muna.
  5305 | D:5      | Found a bloodstained altar of Trog.
  5305 | D:5      | Found a stormy altar of Qazlal.
  5310 | D:5      | Found a basalt altar of Yredelemnul.
  5312 | D:5      | Found an iron altar of Okawaru.
  5313 | D:5      | Found a sacrificial altar of Ru.
  6725 | D:6      | Reached XP level 8. HP: 23/41 MP: 16/16
  6959 | D:7      | Reached skill level 5 in Spellcasting
  6959 | D:7      | Reached skill level 10 in Summonings
  7308 | D:7      | Reached skill level 1 in Armour
  7326 | D:7      | Noticed a hippogriff
  7335 | D:7      | Killed a hippogriff
  7335 | D:7      | Reached skill level 1 in Fighting
  7718 | D:7      | Found a staircase to the Ecumenical Temple.
  7724 | Temple   | Entered the Ecumenical Temple
  7779 | Temple   | Became a worshipper of Hepliaklqana the Forgotten
  7933 | D:7      | HP: 1/38 [orc warrior/+0 glaive (14)]
  8876 | D:8      | Found a staircase to the Lair.
  9394 | D:8      | Reached skill level 5 in Armour
  9394 | D:8      | Reached XP level 9. HP: 30/45 MP: 17/17
  9663 | D:8      | HP: 2/45 [bullfrog (4)]
  9953 | D:8      | Noticed Harold
  9969 | D:8      | Killed Harold
  9969 | D:8      | Reached skill level 5 in Dodging
 10039 | D:8      | Reached * piety under Hepliaklqana
 10719 | D:8      | Noticed a two-headed ogre
 10735 | D:8      | Killed a two-headed ogre
 10936 | D:9      | Reached skill level 5 in Fighting
 11006 | D:9      | Reached XP level 10. HP: 26/51 MP: 8/18
 12202 | D:9      | Noticed a two-headed ogre
 12377 | D:9      | Killed a two-headed ogre
 12674 | D:9      | Reached ** piety under Hepliaklqana
 12675 | D:9      | Remembered your ancestor Frejdak as a hexer
 12734 | D:10     | Entered Level 10 of the Dungeon
 12914 | D:10     | Reached skill level 10 in Armour
 13433 | D:10     | Noticed a gargoyle
 13574 | D:10     | Shot with a bolt by a yaktaur

Levels and vault maps discovered:
D:1:      doesnt_arrival_eight_statues, layout_basic, kennysheep_doodads
D:2:      layout_rooms, minmay_pentomino_r4
D:3:      layout_loops_ring, first_ration, uniq_natasha
D:4:      layout_basic, serial_bayou_pond_b, uniq_grinder
D:5:      layout_basic, kennysheep_little_box,
          chequers_temple_overflow_minitemple, minivault_24
D:6:      layout_basic
D:7:      layout_loops_corners, minmay_temple_entry_fiery,
          kennysheep_small_square
D:8:      layout_gridville, lair_entry_dummy, uniq_harold
D:9:      layout_irregular_city
D:10:     layout_loops_ring
Temple:   kb_temple_of_zot

Skill      XL: |  1  2  3  4  5  6  7  8  9 10 |
---------------+-------------------------------+-----
Summonings     | 5 6 7 8 9 10 | 10.0
Spellcasting   | 3 4 5 |  5.0
Armour         | 5 8 10 | 10.0
Fighting       | 3 5 6 |  6.7
Dodging        | 4 6 8 |  8.0
Stealth        | |  2.0

Action                   |  1- 3 |  4- 6 |  7- 9 | 10-12 || total
-------------------------+-------+-------+-------+-------++-------
Melee: Spear             |    72 |    90 |       |       ||   162
       Kick              |    16 |    13 |    39 |    26 ||    94
       Peck              |     3 |    10 |    17 |    21 ||    51
       Unarmed           |     1 |       |       |       ||     1
       Short sword       |       |       |   155 |    76 ||   231
 Cast: Summon Small Mamm |     4 |       |       |       ||     4
       Call Imp          |     8 |    14 |     2 |     9 ||    33
       Call Canine Famil |       |    21 |    20 |    29 ||    70
       Summon Lightning  |       |     3 |    23 |    12 ||    38
Invok: Recall Ancestor   |       |       |     2 |     1 ||     3
       Ancestor Identity |       |       |     1 |       ||     1
       Ancestor Life: He |       |       |       |     1 ||     1
 Abil: Fly               |       |     1 |       |       ||     1
  Use: Potion            |       |     2 |     2 |       ||     4
       Scroll            |       |       |     1 |    11 ||    12
 Stab: Sleeping          |    11 |     4 |     5 |     1 ||    21
       Distracted        |     1 |       |     1 |     3 ||     5
  Eat: Chunk             |     1 |    15 |    20 |     8 ||    44
       Ration            |       |       |     2 |     1 ||     3
Armor: Robe              |     6 |     7 |     8 |    10 ||    31
       Skin              |       |     8 |     4 |       ||    12
Dodge: Dodged            |    28 |    33 |   130 |    51 ||   242

Table legend:
 A = Non-vault XP
 B = Vault XP
 C = Vault XP percentage of total XP
 D = Non-vault monster count
 E = Vault monster count
 F = Vault count percentage of total count
                 A         B        C        D         E       F
            +---------+---------+-------+---------+---------+-------
      Total |    7895 |     892 |  10.2 |     207 |      12 |   5.5
            +---------+---------+-------+---------+---------+-------
        D:1 |      28 |       0 |   0.0 |      20 |       0 |   0.0
        D:2 |      68 |       6 |   8.1 |      27 |       3 |  10.0
        D:3 |     227 |      19 |   7.7 |      26 |       1 |   3.7
        D:4 |      83 |     183 |  68.8 |       6 |       6 |  50.0
        D:5 |     244 |       0 |   0.0 |      14 |       0 |   0.0
        D:6 |     365 |       0 |   0.0 |      21 |       0 |   0.0
        D:7 |     869 |      42 |   4.6 |      19 |       1 |   5.0
        D:8 |    1680 |     642 |  27.6 |      25 |       1 |   3.8
        D:9 |    3114 |       0 |   0.0 |      32 |       0 |   0.0
       D:10 |    1217 |       0 |   0.0 |      17 |       0 |   0.0
            +---------+---------+-------+---------+---------+-------
